 Dungeon Sprint DCSS version 0.26-a0-632-g926a82b (webtiles) character file.

Game seed: 1609123811460338387

665 Deeps the Fighter (level 7, -28/74 HPs)
             Began as a Minotaur Fighter on Sept 14, 2020.
             Was a Believer of Okawaru.
             Annihilated by a large slime creature (34 damage)
             ... in the Dungeon (Sprint IX: "|||||||||||||||||||||||||||||").
             The game lasted 00:01:40 (435 turns).

Deeps the Fighter (Minotaur Fighter)                 Turns: 435, Time: 00:01:41

Health: -28/74     AC: 16    Str: 23    XL:     7   Next: 31%
Magic:  2/2        EV:  7    Int:  5    God:    Okawaru [**....]
Gold:   0          SH:  0    Dex:  9    Spells: 6/6 levels left

rFire    . . .     SeeInvis .   o - +3 war axe "Vevviass" {antimagic, +Fly MR+}
rCold    . . .     Faith    .   (no shield)
rNeg     . . .     Spirit   .   u - +0 plate armour
rPois    .         Reflect  .   (helmet restricted)
rElec    .         Harm     .   r - +0 cloak
rCorr    .         Rampage  .   (no gloves)
MR       +....     NoTele   +   (no boots)
Stlth    ..........             (no amulet)
HPRegen  0.22/turn              (no ring)
MPRegen  0.08/turn              (no ring)

@: no status effects
A: retaliatory headbutt, horns 2
a: Heroism, Renounce Religion, Evoke Flight


You were in the Dungeon.
You worshipped Okawaru.
Okawaru was pleased with you.
You visited 1 branch

Inventory:

Hand Weapons
 l - a +2 scimitar of flaming
   (You found it in the Dungeon)
 o - the +3 war axe "Vevviass" (weapon) {antimagic, +Fly MR+}
   (You found it in the Dungeon)

   It reduces the magical energy of the wielder, and disrupts the spells and
   magical abilities of those hit.
   Natural abilities and divine invocations are not affected.
   It affects your resistance to hostile enchantments.
   It lets you fly.
Armour
 r - a +0 cloak (worn)
   (You found it in the Dungeon)
 u - a +0 plate armour (worn)
   (You found it in the Dungeon)
Jewellery
 s - a +3 ring of dexterity
   (You found it in the Dungeon)
 t - a +3 ring of intelligence
   (You found it in the Dungeon)
Wands
 q - a wand of iceblast (10)
   (You found it in the Dungeon)
Scrolls
 d - 3 scrolls of remove curse
 j - 2 scrolls of blinking {!r}
 k - 2 scrolls of amnesia
Potions
 c - a potion of invisibility
 e - 3 potions of curing
 g - a potion of haste
 h - 4 potions of magic
 i - a potion of berserk rage {!q}


   Skills:
 + Level 11.4 Fighting
 + Level 11.2 Axes
 + Level 11.4 Armour
   Level 3.6 Shields


You had 6 spell levels left.
You didn't know any spells.
Your spell library was empty.

Dungeon Overview and Level Annotations

Branches:
Dungeon (1/1)

Altars:
Cheibriados
Dithmenos
Elyvilon
Fedhas
Gozag
Hepliaklqana
Kikubaaqudgha
Makhleb
Nemelex Xobeh
Okawaru
Qazlal
Ru
Sif Muna
Trog
Uskayaw
Vehumet
Wu Jian
Xom
Yredelemnul
Zin
The Shining One
Beogh
Jiyva
Lugonu


Innate Abilities, Weirdness & Mutations

You reflexively headbutt those who attack you in melee.
You have a pair of horns on your head.


Message History

2 slime creatures, a centaur warrior, a two-headed ogre and 2 skeletons come into view.
The slime creature quivers. x2
The centaur warrior shouts!
The two-headed ogre shouts in stereo!
The bat skeleton hits you but does no damage.
Unknown command.
You barely miss the bat skeleton. Your headbutt misses the bat skeleton.
The bat skeleton hits you but does no damage. x2
The bat skeleton completely misses you.
Two slime creatures merge to form a large slime creature.
You hit the bat skeleton but do no damage.
The bat skeleton hits you but does no damage.
The bat skeleton closely misses you. The bat skeleton hits you.
You take 1 damage, and have 73/74 hp.
You slash the bat skeleton!
You destroy the bat skeleton!
Okawaru accepts your kill.
Your life force feels restored.
There is an open door here.
Health restored: 74 You slice the large slime creature!!
The large slime creature hits you!!
You take 19 damage, and have 55/74 hp.
MASSIVE DAMAGE!!
You slash the large slime creature! The large slime creature hits you!!
You take 31 damage, and have 24/74 hp.
MASSIVE DAMAGE!!
You completely miss the large slime creature.
The large slime creature hits you.
* * * LOW HITPOINT WARNING * * *
You take 3 damage, and have 21/74 hp.
Unknown command.
You feel much better. The large slime creature hits you!
You regained 9 hp, and now have 30/74 hp.
Unknown command.
You gain the combat prowess of a mighty hero.
The large slime creature hits you but does no damage.
You now have 0/2 mp.
Unknown command.
You slash the large slime creature! The large slime creature hits you!
* * * LOW HITPOINT WARNING * * *
You take 17 damage, and have 13/74 hp.
MASSIVE DAMAGE!!
Things that are here:
a +0 halberd; a +0 robe You see here a yak skeleton.
There is an open door to the Dungeon, spattered with blood here.
Things that are here:
a +0 short sword; a quokka skeleton You feel like a meek peon again.
Items here: )))) [.
You see here a +0 helmet.
You see here a +0 lajatang.
There is an open door here.
There is a glowing golden altar of the Shining One here.
There is a glowing silver altar of Zin here.
There is a basalt altar of Yredelemnul here.
There is a shimmering altar of Xom here.
There is an ornate altar of the Wu Jian Council here.
There is a radiant altar of Vehumet here.
There is a hide-covered altar of Uskayaw here.
MP restored: 2
There is a bloodstained altar of Trog here.
The large slime creature jiggles.
There is a shimmering blue altar of Sif Muna here.
There is a sacrificial altar of Ru here.
There is a stormy altar of Qazlal here.
There is an iron altar of Okawaru here.
There is a sparkling altar of Nemelex Xobeh here.
There is a burning altar of Makhleb here.
There is a corrupted altar of Lugonu here.
There is an ancient bone altar of Kikubaaqudgha here.
There is a viscous altar of Jiyva here.
There is a hazy altar of Hepliaklqana here.
There is an opulent altar of Gozag here.
There is a blossoming altar of Fedhas here.
There is a white marble altar of Elyvilon here.
There is a shadowy altar of Dithmenos here.
There is a snail-covered altar of Cheibriados here.
There is a roughly hewn altar of Beogh here.
There is an open door to the Temple here.
Things that are here:
a cursed -1 giant club; an adder skeleton
There is an open door, spattered with blood here.
Things that are here:
a +0 hand axe; a +0 leather armour
Things that are here:
a +0 dagger; a jackal skeleton; a goblin skeleton
There is an open door to the Dungeon here.
You see here a cursed -2 club.
You slash the large slime creature!
The large slime creature hits you but does no damage.
You slash the large slime creature!
You headbutt the large slime creature, but do no damage.
The large slime creature hits you!!
* * * LOW HITPOINT WARNING * * *
You take 19 damage, and have 6/74 hp.
MASSIVE DAMAGE!!
You hit the large slime creature.
You headbutt the large slime creature, but do no damage.
The large slime creature hits you!!
You die... ▓▓▓▓▓▓▓▓▓▓▓▓▓▓▓▓▓▓▓▓ ▓<.@JcOZ...))....'__ ▓▓▓▓▓▓▓▓▓▓▓▓▓▓▓▓▓▓▓▓

You could see a large slime creature, a centaur warrior, a two-headed ogre and an adder skeleton.

Vanquished Creatures
  A hornet (D)
  A wraith (D)
  A yak (D)
  An ogre (D)
  A wight (D)
  A worker ant (D)
  An adder (D)
  An adder zombie (D)
  A leopard gecko (D)
  2 orcs (D)
  A bat skeleton (D)
  2 goblins (D)
  A jackal (D)
  A quokka (D)
  A rat (D)
17 creatures vanquished.

Notes
Turn   | Place    | Note
-------+----------+-------------------------------------------
     0 | D        | Deeps the Minotaur Fighter began the quest for the Orb.
     0 | D        | Reached XP level 1. HP: 19/19 MP: 0/0
    15 | D        | Reached skill level 4 in Fighting
    15 | D        | Reached skill level 3 in Axes
    15 | D        | Reached skill level 4 in Armour
    26 | D        | Noticed a worker ant
    26 | D        | Noticed an ogre
    27 | D        | Reached XP level 2. HP: 23/28 MP: 1/1
    29 | D        | Reached skill level 5 in Fighting
    29 | D        | Reached skill level 4 in Axes
    29 | D        | Reached skill level 5 in Armour
    29 | D        | Reached XP level 3. HP: 23/36 MP: 2/2
    32 | D        | Killed an ogre
    32 | D        | Reached skill level 7 in Fighting
    32 | D        | Reached skill level 7 in Axes
    32 | D        | Reached skill level 7 in Armour
    32 | D        | Reached XP level 4. HP: 29/47 MP: 3/3
    44 | D        | Found a roughly hewn altar of Beogh.
    44 | D        | Found a snail-covered altar of Cheibriados.
    44 | D        | Found a shadowy altar of Dithmenos.
    44 | D        | Found a white marble altar of Elyvilon.
    44 | D        | Found a blossoming altar of Fedhas.
    44 | D        | Found an opulent altar of Gozag.
    45 | D        | Found a hazy altar of Hepliaklqana.
    46 | D        | Found a viscous altar of Jiyva.
    47 | D        | Found an ancient bone altar of Kikubaaqudgha.
    48 | D        | Found a corrupted altar of Lugonu.
    49 | D        | Found a burning altar of Makhleb.
    50 | D        | Found a sparkling altar of Nemelex Xobeh.
    51 | D        | Found an iron altar of Okawaru.
    52 | D        | Found a stormy altar of Qazlal.
    53 | D        | Found a sacrificial altar of Ru.
    54 | D        | Found a shimmering blue altar of Sif Muna.
    55 | D        | Found a bloodstained altar of Trog.
    56 | D        | Found a hide-covered altar of Uskayaw.
    57 | D        | Found a radiant altar of Vehumet.
    58 | D        | Found an ornate altar of the Wu Jian Council.
    59 | D        | Became a worshipper of Warmaster Okawaru
    60 | D        | Found a shimmering altar of Xom.
    61 | D        | Found a basalt altar of Yredelemnul.
    62 | D        | Found a glowing silver altar of Zin.
    63 | D        | Found a glowing golden altar of the Shining One.
    78 | D        | Got the +3 war axe "Vevviass" {antimagic, +Fly MR+}
   116 | D        | Noticed a wraith
   116 | D        | Noticed a yak
   116 | D        | Noticed a hornet
   117 | D        | Reached XP level 5. HP: 30/53 MP: 1/4
   127 | D        | Killed a wraith
   127 | D        | Reached * piety under Okawaru
   127 | D        | Reached skill level 9 in Fighting
   127 | D        | Reached skill level 9 in Axes
   127 | D        | Reached skill level 9 in Armour
   127 | D        | Reached XP level 6. HP: 23/64 MP: 1/5
   130 | D        | Killed a yak
   130 | D        | Reached skill level 10 in Fighting
   130 | D        | Reached skill level 10 in Axes
   130 | D        | Reached skill level 10 in Armour
   133 | D        | HP: 14/67 [hornet (4)]
   138 | D        | Paralysed by a hornet for 1 turns
   138 | D        | HP: 16/67 [wight/+0 halberd (3)]
   143 | D        | Killed a hornet
   143 | D        | Reached ** piety under Okawaru
   143 | D        | Reached skill level 11 in Fighting
   143 | D        | Reached skill level 11 in Axes
   143 | D        | Reached skill level 11 in Armour
   143 | D        | Reached XP level 7. HP: 27/74 MP: 2/6
   366 | D        | Noticed a slime creature
   366 | D        | Noticed a slime creature
   366 | D        | Noticed a centaur warrior
   366 | D        | Noticed a two-headed ogre
   376 | D        | HP: 13/74 [large slime creature (17)]
   434 | D        | HP: 6/74 [large slime creature (20)]
   435 | D        | Annihilated by a large slime creature

Illustrated notes

Levels and vault maps discovered:
D:        linesprint [early_d, line_temple, items_1, d_10, items_2, lair_1,
          lair_end, items_3, orc_1, orc_end, items_4, d_15, swamp_1, shoals_1,
          snake_1, spider_1, d_20, vaults_1, items_5, swamp_end, shoals_end,
          snake_end, spider_end, vaults_end, d_27, items_6, zot_1, zot_end,
          crypt_end, forest_end, elf_end, slime_end, tomb_end, abyss_end,
          pan_hell_end]

Skill      XL: |  1  2  3  4  5  6 |
---------------+-------------------+-----
Fighting       | 4 5 7 9 11 | 11.4
Axes           | 3 4 7 9 11 | 11.2
Armour         | 4 5 7 9 11 | 11.4
Shields        | |  3.6

Action                   |  1- 3 |  4- 6 |  7- 9 || total
-------------------------+-------+-------+-------++-------
Melee: War axe           |    14 |    29 |    12 ||    55
       Headbutt          |     2 |     5 |     3 ||    10
Invok: Heroism           |       |       |     1 ||     1
  Use: Potion            |     1 |     3 |     2 ||     6
Armor: Scale mail        |     2 |     2 |       ||     4
       Plate armour      |       |    27 |     8 ||    35
Dodge: Dodged            |    12 |    13 |     3 ||    28

Table legend: (Time is in decaauts)
 A = Elapsed time spent in this place.
 B = Non-inter-level travel time spent in this place.
 C = Inter-level travel time spent in this place.
 D = Time resting spent in this place.
 E = Time spent auto-exploring this place.
 F = Levels seen in this place.
 G = Mean time per level.
                   A        B        C        D        E       F      G
               +--------+--------+--------+--------+--------+-----+--------+
         Total |    453 |    453 |      0 |    213 |      0 |   1 |  453.0 |
       Dungeon |    453 |    453 |      0 |    213 |      0 |   1 |  453.0 |
               +--------+--------+--------+--------+--------+-----+--------+

Top non-repeatable levels by time:
       D: 453 daAuts

Table legend:
 A = Kills in this place as a percentage of kills in entire the game.
 B = Kills by you in this place as a percentage of kills by you in the entire game.
 C = Kills by friends in this place as a percentage of kills by friends in the entire game.
 D = Other kills in this place as a percentage of other kills in the entire game.
 E = Experience gained in this place as a percentage of experience gained in the entire game.
 F = Experience gained in this place divided by the number of levels of this place that you have seen.
                   A       B       C       D       E      F
               +-------+-------+-------+-------+-------+----------------------
         Total | 100.0 | 100.0 |   N/A |   N/A | 100.0 | 950.0
       Dungeon | 100.0 | 100.0 |   N/A |   N/A | 100.0 | 950.0
               +-------+-------+-------+-------+-------+----------------------
